 Dungeon Crawl Stone Soup version 0.30-a0-782-ge64f9170bb (webtiles) character file.

Game seed: 4250230283483927353

9 Leeroy the Slasher (level 2, 0/24 HPs)
             Began as a Merfolk Monk on Mar 3, 2023.
             Slain by a kobold
             ... wielding a +2 whip of pain
              (1 damage)
             ... on level 1 of the Dungeon.
             The game lasted 00:00:14 (144 turns).

Leeroy the Slasher (Merfolk Monk)                    Turns: 144, Time: 00:00:14

Health: 0/24       AC:  2    Str: 11    XL:     2   Next: 12%
Magic:  2/2        EV: 13    Int:  9    God:
Gold:   54         SH:  0    Dex: 16    Spells: 1/1 levels left

rFire   . . .      SeeInvis .    a - +0 falchion
rCold   . . .      Faith    .    (no shield)
rNeg    . . .      Spirit   .    b - +0 robe
rPois   .          Reflect  .    (no helmet)
rElec   .          Harm     .    (no cloak)
rCorr   .          Rampage  .    (no gloves)
Will    .....                    (no boots)
Stlth   ++                       (no amulet)
HPRegen 0.24/turn                (no ring)
MPRegen 0.08/turn                (no ring)

@: no status effects
A: (nimble swimmer 2), mertail
a: no special abilities


You were on level 1 of the Dungeon.
You visited 1 branch of the dungeon, and saw 1 of its levels.

You collected 54 gold pieces.

Inventory:

Hand Weapons
 a - a +0 falchion (weapon)
Armour
 b - a +0 robe (worn)
Scrolls
 d - a scroll of fear {unknown}
Potions
 c - a potion of ambrosia


   Skills:
 - Level 3.2 Fighting
 + Level 4.4 Long Blades
 - Level 4.0 Dodging
 - Level 2.1 Stealth


You had one spell level left.
You didn't know any spells.
Your spell library was empty.

Dungeon Overview and Level Annotations

Branches:
Dungeon (1/15)

Altars:


Innate Abilities, Weirdness & Mutations

((You are very nimble when in or above water. (Stealth+, EV+, Speed+++)))
Your lower body shifts to a powerful aquatic tail in water.


Message History

You kill the endoplasm!
A dart slug comes into view.
You barely miss the kobold.
The kobold hits you with a +2 whip of pain.
You barely miss the kobold. The kobold closely misses you.
You miss the kobold. The kobold misses you.
The dart slug launches a dart at you.
The slug dart hits you but does no damage.
You hit the kobold but do no damage. The kobold closely misses you.
You hit the kobold.
The kobold is moderately wounded.
The kobold hits you but does no damage. The hobgoblin barely misses you.
You closely miss the kobold.
The kobold is moderately wounded.
The kobold closely misses you. The hobgoblin completely misses you.
The dart slug launches a dart at you. The slug dart hits you.
You miss the kobold.
The kobold is moderately wounded.
The kobold hits you but does no damage. The hobgoblin misses you. x2
The kobold barely misses you.
You barely miss the kobold.
The kobold is moderately wounded.
The kobold hits you with a +2 whip of pain.
* * * LOW HITPOINT WARNING * * *
The hobgoblin hits you.
* * * LOW HITPOINT WARNING * * *
You barely miss the kobold.
The kobold is moderately wounded.
The kobold hits you but does no damage. The hobgoblin closely misses you.
You closely miss the kobold.
The kobold is moderately wounded.
The dart slug misses you. The kobold misses you. The hobgoblin hits you.
* * * LOW HITPOINT WARNING * * *
You hit the kobold but do no damage.
The kobold is moderately wounded.
The dart slug launches a dart at you. The slug dart misses you.
The kobold hits you with a +2 whip of pain.
You die...

## ### .. .. .. #.
..# ...
#.#####.###.#
#.[.........###
#.............
#.K@........#
##.wg........###.#
....................
#.###.........### ..
.............### .
##.............#.
#................
#.^####†####.....
#..#[#...#$#.....


You could see a dart slug, a hobgoblin and a kobold.

Vanquished Creatures
  A bat (D:1)
  2 endoplasms (D:1)
  A giant cockroach (D:1)
  A hobgoblin (D:1)
  A kobold (D:1)
  2 rats (D:1)
8 creatures vanquished.

Notes
Turn   | Place    | Note
-------+----------+-------------------------------------------
     0 | D:1      | Leeroy the Merfolk Monk began the quest for the Orb.
     0 | D:1      | Reached XP level 1. HP: 18/18 MP: 1/1
    83 | D:1      | Reached XP level 2. HP: 16/24 MP: 2/2
   143 | D:1      | HP: 1/24 [hobgoblin (3)]
   144 | D:1      | Slain by a kobold

Illustrated notes

Levels and vault maps discovered:
D:1:      lightli_arrival_quake, layout_basic, minmay_nonomino_d4

Skill      XL: |  1 |
---------------+----+-----
Long Blades    | 4 |  4.4
Fighting       | |  3.2
Dodging        | |  4.0
Stealth        | |  2.1

Action                     || total
---------------------------++-------
  Melee: Falchion          ||    36
   Stab: Sleeping          ||     2
 Armour: Robe              ||     5
  Dodge: Dodged            ||    22

Table legend: (Time is in decaauts)
 A = Elapsed time spent in this place.
 B = Non-inter-level travel time spent in this place.
 C = Inter-level travel time spent in this place.
 D = Time resting spent in this place.
 E = Time spent auto-exploring this place.
 F = Levels seen in this place.
 G = Mean time per level.
                   A        B        C        D        E       F      G
               +--------+--------+--------+--------+--------+-----+--------+
         Total |    145 |    145 |      0 |      0 |     80 |   1 |  145.0 |
       Dungeon |    145 |    145 |      0 |      0 |     80 |   1 |  145.0 |
               +--------+--------+--------+--------+--------+-----+--------+

Top non-repeatable levels by time:
     D:1: 145 daAuts
